 Dungeon Crawl Stone Soup version 0.29.1-15-g9cfb28693d (webtiles) character file.

Game seed: 17949007994298740720

11827 valet the Cleaver (level 11, -4/148 HPs)
             Began as a Minotaur Fighter on Mar 5, 2023.
             Was a Priest of Trog.
             Slain by a boulder beetle (11 damage)
             ... on level 12 of the Dungeon.
             The game lasted 00:31:25 (9986 turns).

valet the Cleaver (Minotaur Fighter)                Turns: 9986, Time: 00:31:28

Health: -4/148     AC: 25    Str: 25    XL:     11   Next: 54%
Magic:  10/10      EV:  2    Int:  4    God:    Trog [***...]
Gold:   764        SH: 11    Dex: 13    Spells: 10/10 levels left

rFire   . . .      SeeInvis .   a - +0 war axe
rCold   . . .      Faith    .   c - +0 buckler
rNeg    . . .      Spirit   .   (body armour currently unavailable)
rPois   +          Reflect  +   (helmet currently unavailable)
rElec   .          Harm     .   (cloak currently unavailable)
rCorr   .          Rampage  .   (gloves currently unavailable)
Will    +....      NoTele   +   (boots currently unavailable)
Stlth   +.........              E - amulet of reflection
HPRegen 0.34/turn               s - ring of willpower
MPRegen 0.12/turn               z - +4 ring of slaying

@: tree-form
A: stationary, stasis, torment immunity, boosted hp, (horns 2), (retaliatory
headbutt), agile 1, noise suppression
a: Renounce Religion, Berserk, Trog's Hand


You were on level 12 of the Dungeon.
You worshipped Trog.
Trog was most pleased with you.
You were a tree.
You visited 1 branch of the dungeon, and saw 12 of its levels.

You collected 764 gold pieces.

Inventory:

Hand Weapons
 a - a +0 war axe (weapon)
 w - the +7 dagger of Gask {vorpal, Str+7}
   (You found it on level 6 of the Dungeon)

   It inflicts extra damage upon your enemies.
   Str:       It affects your strength (+7).
Missiles
 g - 6 atropa-tipped darts
Armour
 c - a +0 buckler (worn)
 k - an orb of energy
 o - a scarf of resistance (melded)
 r - +0 acid dragon scales (melded)
Magical Staves
 l - a staff of death
Jewellery
 s - a ring of willpower (left branch)
 z - a +4 ring of slaying (right branch)
 B - a ring of protection from fire
 E - an amulet of reflection (around neck)
 F - a ring of fire
 I - a ring of positive energy
 J - a ring of protection from cold
 R - a ring of ice
Wands
 p - a wand of charming (21)
 t - a wand of iceblast (7)
 C - a wand of polymorph (15) (quivered)
 H - a wand of flame (20)
 O - a wand of digging (5)
Scrolls
 i - 3 scrolls of enchant armour
 j - 2 scrolls of brand weapon
 m - 2 scrolls of fear
 n - 2 scrolls of amnesia
 q - 4 scrolls of teleportation
 v - a scroll of torment
 x - 3 scrolls of enchant weapon
 y - 5 scrolls of fog
 M - a scroll of immolation
Potions
 b - 2 potions of haste
 d - a potion of ambrosia
 e - 5 potions of curing
 f - a potion of flight
 A - 2 potions of attraction
 D - a potion of resistance
 G - 3 potions of degeneration
 L - a potion of magic
 N - 2 potions of might
 P - a potion of lignification
 Q - a potion of berserk rage
Miscellaneous
 K - a box of beasts


   Skills:
 + Level 9.9 Fighting
 * Level 13.0 Axes
 + Level 9.7 Armour
 + Level 8.2 Dodging
 + Level 9.8 Shields


You had 10 spell levels left.
You didn't know any spells.
Your spell library contained the following spells:

 Spells                   Type           Power      Damage    Failure   Level
 Ensorcelled Hibernation  Hex/Ice        0%         N/A       71%         2
 Scorch                   Fire           0%         2d5       71%         2
 Sublimation of Blood     Necr           0%         N/A       71%         2
 Wereblood                Tmut           0%         N/A       71%         2
 Spider Form              Tmut/Pois      0%         N/A       90%         3
 Anguish                  Hex/Necr       0%         N/A       100%        4
 Animate Armour           Summ/Erth      0%         N/A       100%        4
 Flame Wave               Conj/Fire      0%         2d4       100%        4
 Fulminant Prism          Conj/Hex       0%         3d6       100%        4
 Iskenderun's Mystic Bla  Conj/Tloc      0%         2d3       100%        4
 Blade Hands              Tmut           0%         N/A       100%        5
 Lee's Rapid Deconstruct  Erth           0%         3d5*      100%        5
 Iron Shot                Conj/Erth      0%         9d1       100%        6
 Summon Cactus Giant      Summ           0%         N/A       100%        6
 Summon Hydra             Summ           0%         N/A       100%        7


Dungeon Overview and Level Annotations

Branches:
Dungeon (12/15)            Temple (0/1) D:5            Lair (0/5) D:11
    Orc (0/2) D:11

Altars:
Gozag
Hepliaklqana
Okawaru
Qazlal
Trog
Uskayaw
Vehumet
Wu Jian
Xom

Shops:
D:7 =


Innate Abilities, Weirdness & Mutations

You are a tree.
Your roots penetrate the ground, keeping you stationary.
You cannot be teleported.
You are immune to unholy pain and torment.
Your maximum health is greatly increased.
Your equipment is partially melded.
((You have a pair of horns on your head.))
((You reflexively headbutt those who attack you in melee.))
You are agile. (Dex +4, Str/Int -1)
You passively dampen the noise of your surroundings.


Message History

You slice the boulder beetle!!
The boulder beetle is moderately wounded.
You block the boulder beetle's attack.
Unknown command.
You hit the boulder beetle but do no damage.
You headbutt the boulder beetle, but do no damage.
The boulder beetle is moderately wounded.
The boulder beetle leaps!
Cleave: a) +0 war axe
Press: ? - help, Dir - move target, f/p - boulder beetle
Aim: a boulder beetle (moderately wounded, about 8% to evade your +0 war axe)
You slice the boulder beetle!!
You headbutt the boulder beetle, but do no damage.
The boulder beetle is severely wounded.
The boulder beetle leaps!
Cleave: a) +0 war axe
Press: ? - help, Dir - move target, f/p - boulder beetle
Aim: a boulder beetle (severely wounded, about 8% to evade your +0 war axe)
You slash the boulder beetle!
The boulder beetle is severely wounded.
The boulder beetle bites you!!
* * * LOW HITPOINT WARNING * * *
You turn into a tree.
Your scarf of resistance melds into your body.
Your +0 acid dragon scales melds into your body.
You feel hot and cold all over.
Your roots penetrate the ground.
You block the boulder beetle's attack.
Cleave: a) +0 war axe
Press: ? - help, Dir - move target, f/p - boulder beetle
Aim: a boulder beetle (severely wounded, about 8% to evade your +0 war axe)
You hit the boulder beetle but do no damage.
The boulder beetle is severely wounded.
The boulder beetle bites you but does no damage.
Cleave: a) +0 war axe
Press: ? - help, Dir - move target, f/p - boulder beetle
Aim: a boulder beetle (severely wounded, about 8% to evade your +0 war axe)
You hit the boulder beetle but do no damage.
The boulder beetle is severely wounded.
The boulder beetle bites you!
You die...

.
##+#########..
#.....#.......
+.....#...!...
#.....'.......
#.....#.......
#..♣B.........
#........#####
#.<...####
###+###


You could see a boulder beetle.

Vanquished Creatures
  A boulder beetle (D:11)
  2 two-headed ogres
  Pikel (D:8)
  An elephant (D:11)
  A centaur zombie (D:12)
  Maggie (D:7)
  A kobold demonologist (D:10)
  An unseen horror (D:11)
  Psyche (D:8)
  2 trolls
  2 wraiths
  A vampire (D:12)
  2 shadows (D:12)
  2 wyverns
  10 yaks
  2 basilisks (D:11)
  3 steam dragons
  2 acid dragons
  A water moccasin (D:6)
  5 orc warriors
  8 black bears
  4 ice beasts
  2 centaurs
  2 ogres
  2 kobold brigands (D:10)
  2 lemures (D:8)
  2 phantoms
  6 bullfrogs
  A necrophage (D:4)
  2 scorpions (D:4)
  6 killer bees (D:9)
  7 hounds
  A water moccasin simulacrum (D:5)
  Ijyb (D:3)
  6 orc priests
  3 iguanas
  6 orc wizards
  A bullfrog simulacrum (D:5)
  A centaur simulacrum (D:5)
  A scorpion simulacrum (D:5)
  4 gnolls (D:4)
  5 adders
  2 hound simulacra (D:5)
  A shadow imp (D:8)
  2 white imps
  4 dart slugs
  The ghost of pilgrim the Sneak, a weakling SpDe (D:5)
  31 orcs
  8 ball pythons
  10 endoplasms
  A giant cockroach (D:1)
  9 goblins
  10 hobgoblins
  3 jackals (D:3)
  9 kobolds
  2 frilled lizards
  6 rats
214 creatures vanquished.

Vanquished Creatures (others)
  A bullfrog (D:9)
  An orc (D:9)
2 creatures vanquished.

Grand Total: 216 creatures vanquished

Notes
Turn   | Place    | Note
-------+----------+-------------------------------------------
     0 | D:1      | valet the Minotaur Fighter began the quest for the Orb.
     0 | D:1      | Reached XP level 1. HP: 19/19 MP: 0/0
    46 | D:1      | Found a faded altar of an unknown god.
   297 | D:1      | Reached XP level 2. HP: 27/27 MP: 1/1
   452 | D:1      | Reached skill level 3 in Axes
   749 | D:2      | Reached XP level 3. HP: 28/33 MP: 2/2
   918 | D:2      | Reached skill level 1 in Dodging
  1405 | D:3      | Reached XP level 4. HP: 32/40 MP: 3/3
  1668 | D:3      | Reached skill level 4 in Axes
  1751 | D:3      | Noticed Ijyb
  1765 | D:3      | Killed Ijyb
  1766 | D:3      | Reached XP level 5. HP: 38/40 MP: 4/4
  2184 | D:3      | Found a bloodstained altar of Trog.
  2184 | D:3      | Found an iron altar of Okawaru.
  2197 | D:3      | Became a worshipper of Trog the Wrathful
  2266 | D:4      | Reached XP level 6. HP: 29/51 MP: 5/5
  2499 | D:4      | Reached skill level 5 in Axes
  2661 | D:4      | Reached skill level 5 in Fighting
  2661 | D:4      | Reached skill level 5 in Armour
  2661 | D:4      | Reached skill level 5 in Shields
  3006 | D:4      | Reached XP level 7. HP: 61/61 MP: 6/6
  3180 | D:5      | Entered Level 5 of the Dungeon
  3219 | D:5      | Found a staircase to the Ecumenical Temple.
  3264 | D:5      | Found an opulent altar of Gozag.
  3264 | D:5      | Found a shimmering altar of Xom.
  3264 | D:5      | Found a hide-covered altar of Uskayaw.
  3265 | D:5      | Found a radiant altar of Vehumet.
  3266 | D:5      | Found a stormy altar of Qazlal.
  3267 | D:5      | Found a hazy altar of Hepliaklqana.
  3271 | D:5      | Found an ornate altar of the Wu Jian Council.
  3502 | D:5      | Reached skill level 6 in Axes
  3586 | D:5      | Found a runed translucent gate.
  3586 | D:5      | Found a runed translucent gate.
  3586 | D:5      | Found a runed translucent gate.
  3773 | D:5      | Noticed pilgrim's ghost (weakling SpDe)
  3844 | D:5      | Reached * piety under Trog
  3853 | D:5      | Gained mutation: You are partially covered in iridescent
                  | scales. (AC +2) [potion of mutation]
  3853 | D:5      | Gained mutation: Your system is resistant to poisons.
                  | (rPois) [potion of mutation]
  3894 | D:5      | Killed pilgrim's ghost
  4290 | D:6      | Reached XP level 8. HP: 69/70 MP: 7/7
  4292 | D:6      | Reached skill level 7 in Axes
  4471 | D:6      | Identified the +7 dagger of Gask {vorpal, Str+7}
  4515 | D:6      | Reached skill level 8 in Axes
  5353 | D:6      | Reached skill level 5 in Dodging
  5481 | D:6      | Reached XP level 9. HP: 75/78 MP: 8/8
  5607 | D:7      | Found Utzuu's Jewellery Shop.
  5721 | D:7      | Reached skill level 9 in Axes
  5785 | D:7      | Reached ** piety under Trog
  5821 | D:7      | Noticed Maggie
  5838 | D:7      | Killed Maggie
  6364 | D:8      | Noticed Psyche
  6375 | D:8      | Killed Psyche
  6376 | D:8      | Reached skill level 10 in Axes
  6559 | D:8      | Noticed Pikel
  6568 | D:8      | Reached XP level 10. HP: 88/88 MP: 9/9
  6571 | D:8      | Killed Pikel
  6577 | D:8      | Noticed Joseph
  6596 | D:8      | Noticed Joseph
  6596 | D:8      | Joseph changed into Joseph the steam dragon
  6600 | D:8      | Killed Joseph the steam dragon
  7317 | D:9      | Reached skill level 11 in Axes
  7440 | D:9      | Noticed a two-headed ogre
  7451 | D:9      | Killed a two-headed ogre
  7744 | D:10     | Entered Level 10 of the Dungeon
  7857 | D:10     | Reached *** piety under Trog
  7977 | D:10     | Reached skill level 12 in Axes
  7981 | D:10     | Reached XP level 11. HP: 81/97 MP: 10/10
  8515 | D:10     | Noticed a two-headed ogre
  8519 | D:10     | Killed a two-headed ogre
  8833 | D:11     | Found a staircase to the Orcish Mines.
  8878 | D:11     | Found a staircase to the Lair.
  9131 | D:11     | Noticed a boulder beetle
  9146 | D:11     | Killed a boulder beetle
  9645 | D:11     | Lost mutation: You are partially covered in iridescent
                  | scales. (AC +2) [potion of mutation]
  9645 | D:11     | Lost mutation: Your system is resistant to poisons. (rPois)
                  | [potion of mutation]
  9645 | D:11     | Gained mutation: You passively map a small area around you.
                  | [potion of mutation]
  9645 | D:11     | Gained mutation: You are partially covered in iridescent
                  | scales. (AC +2) [potion of mutation]
  9645 | D:11     | Gained mutation: Your spells are a little harder to cast,
                  | but a little more powerful. [potion of mutation]
  9646 | D:11     | Lost mutation: You passively map a small area around you.
                  | [potion of mutation]
  9646 | D:11     | Lost mutation: Your spells are a little harder to cast, but
                  | a little more powerful. [potion of mutation]
  9646 | D:11     | Lost mutation: You are partially covered in iridescent
                  | scales. (AC +2) [potion of mutation]
  9646 | D:11     | Gained mutation: You passively dampen the noise of your
                  | surroundings. [potion of mutation]
  9646 | D:11     | Gained mutation: You are agile. (Dex +4, Str/Int -1)
                  | [potion of mutation]
  9964 | D:12     | Noticed a boulder beetle
  9972 | D:12     | Reached skill level 13 in Axes
  9983 | D:12     | HP: 4/99 [boulder beetle (18)]
  9986 | D:12     | Slain by a boulder beetle

Illustrated notes

Levels and vault maps discovered:
D:1:      lightli_arrival_chessboard, layout_basic,
          hellmonk_ecumenical_altar_inner_sanctum,
          minmay_misc_feat_four_crosses, hex_medium
D:2:      layout_basic, wad_floor_pattern_untrapped
D:3:      layout_rooms, grunt_temple_overflow_bloody_war, uniq_ijyb
D:4:      nicolae_cairo_tiling_large_dashed, layout_basic
D:5:      layout_cave_pods, minitemple, minmay_temple_entry_arrows,
          gammafunk_ghost_icy
D:6:      layout_basic, kennysheep_generic_room_6
D:7:      layout_loops_ring, serial_shops, shop, uniq_maggie
D:8:      layout_cave_pools, uniq_psyche, uniq_joseph, uniq_pikel
D:9:      layout_big_octagon
D:10:     layout_loops_ring, serial_bayou_pond_d
D:11:     layout_irregular_city, david_lair_generic, gauntlet_entry_generic
D:12:     layout_roguey, serial_undead, serial_undead_e, serial_undead_a,
          serial_undead_d, serial_undead_f, serial_undead_a, uniq_gastronok,
          uniq_urug, uniq_sonja

Skill      XL: |  1  2  3  4  5  6  7  8  9 10 11 |
---------------+----------------------------------+-----
Axes           | 3 4 5 6 8 10 12 13 | 13.0
Shields        | 4 5 6 7 9 |  9.8
Dodging        | 1 2 3 5 6 7 8 |  8.2
Fighting       | 4 5 6 8 9 |  9.9
Armour         | 4 5 6 7 9 |  9.7

Action                   |  1- 3 |  4- 6 |  7- 9 | 10-12 || total
-------------------------+-------+-------+-------+-------++-------
Melee: War axe           |    80 |    89 |   221 |   183 ||   573
       Headbutt          |    11 |    17 |    28 |    43 ||    99
Throw: Dart              |       |     1 |       |       ||     1
Invok: Trog's Hand       |       |       |       |     3 ||     3
       Berserk           |       |       |       |     6 ||     6
Evoke: Wand              |       |       |       |     4 ||     4
  Use: Scroll            |     4 |     2 |     8 |     7 ||    21
       Potion            |       |     1 |     6 |     4 ||    11
 Stab: Invisible         |       |     1 |     1 |       ||     2
       Fleeing           |       |     1 |       |       ||     1
Armor: Scale mail        |    38 |    47 |    66 |       ||   151
       Acid dragon scale |       |       |    21 |    43 ||    64
       Skin              |       |       |     4 |     1 ||     5
Dodge: Dodged            |    36 |    42 |   101 |    69 ||   248
Block: Buckler           |    10 |    23 |    83 |   105 ||   221
       Reflection        |       |       |     2 |       ||     2
